 Dungeon Crawl Stone Soup version 0.29-a0-770-g2e8140cf71 (webtiles) character file.

Game seed: 901270641189765026

9 British0li the Slasher (level 2, 22/22 HPs)
             Began as a Demonspawn Gladiator on July 1, 2022.
             Got out of the dungeon alive.
             The game lasted 00:00:39 (294 turns).

British0li the Slasher (Demonspawn Gladiator)        Turns: 294, Time: 00:00:39

Health: 22/22      AC:  4    Str: 14    XL:     2   Next: 6%
Magic:  2/2        EV: 12    Int:  9    God:
Gold:   20         SH:  0    Dex: 14    Spells: 1/1 levels left

rFire   . . .      SeeInvis .   a - +0 long sword
rCold   . . .      Faith    .   (no shield)
rNeg    . . .      Spirit   .   b - +0 leather armour
rPois   .          Reflect  .   c - +0 helmet
rElec   .          Harm     .   (no cloak)
rCorr   .          Rampage  .   (no gloves)
Will    .....                   (no boots)
Stlth   +.........              (no amulet)
HPRegen 0.07/turn               (no ring)
MPRegen 0.08/turn               (no ring)

@: no status effects
A: sturdy frame 1
a: no special abilities


You escaped.
You visited 1 branch of the dungeon, and saw 1 of its levels.

You collected 20 gold pieces.

Inventory:

Hand Weapons
 a - a +0 long sword (weapon)
Missiles
 d - 3 throwing nets (quivered)
 e - a javelin
Armour
 b - a +0 leather armour (worn)
 c - a +0 helmet (worn)
Scrolls
 f - a scroll of identify {unknown}
 g - a scroll of teleportation {unknown}
 i - a scroll of vulnerability {unknown}
Potions
 h - a potion of flight {unknown}


   Skills:
 + Level 2.2 Fighting
 + Level 2.8 Long Blades
 + Level 2.0 Throwing
 + Level 2.8 Dodging


You had one spell level left.
You didn't know any spells.
Your spell library was empty.

Dungeon Overview and Level Annotations

Branches:
Dungeon (1/15)

Altars:


Innate Abilities, Weirdness & Mutations

Your movements are slightly less encumbered by armour. (ER -2)


Message History

You kill the hobgoblin!
No target in view!
No target in view!
A goblin comes into view. It is wielding a +0 club.
The goblin shouts!
You hear an angry hiss.
A giant cockroach comes into view.
There are monsters nearby!
There are monsters nearby!
The goblin misses you.
There are monsters nearby!
You hit the goblin but do no damage. The goblin barely misses you.
There are monsters nearby!
You hit the giant cockroach.
You kill the giant cockroach!
The goblin hits you but does no damage.
A ball python comes into view.
You have reached level 2!
Your demonic ancestry asserts itself...
You feel less encumbered by your armour.
The goblin attacks as you move away! The goblin hits you but does no damage.
You slash the goblin!
You kill the goblin!
Your Throwing skill increases to level 2!
No target in view!
No target in view!
There is an open door here.
Things that are here:
a +0 dagger; a kobold corpse You see here a +0 spear.
There is an open door here.
There is an open door here.
You enter the shallow water.
Moving in this stuff is going to be slow.
You enter the shallow water.
Moving in this stuff is going to be slow.
There is a staircase leading out of the dungeon here.
Are you sure you want to leave the Dungeon?
This will make you lose the game! [Y]es or [N]o only, please.
Are you sure you want to leave the Dungeon?
This will make you lose the game!
You have escaped!

.....## #.# #...##.# .#....#
#.##≈≈≈≈≈≈≈≈≈≈≈#...##.# .#....#
#.##≈≈≈≈...≈≈≈≈######.#
.#....###.##≈≈≈≈...≈≈≈≈# #.#
.###.#...>.#≈≈≈.....≈≈≈# #.#
.###†#.###.#≈≈...≈...≈≈# #.#
.#.........#≈≈..≈≈≈..≈≈# #.#
.#####.###.#≈≈.≈≈≈≈≈.≈≈######.###
.#.....# #.#≈..≈@≈≈≈..≈##........
##.##### #.#≈..≈≈≈.≈≈.≈##....)...
...# ####.#..≈≈≈≈≈....##........
...####....##.≈≈≈≈≈≈≈≈.##........
...........#.≈≈≈≈≈≈.≈≈.##........
..#####....#.≈≈..≈.≈≈≈.##........
..+........#.≈≈≈.≈.≈≈..##........
..####.....#...≈≈.≈.≈..######'###
..# #.........≈...≈..#######.###


There were no monsters in sight!

Vanquished Creatures
  A giant cockroach (D:1)
  A goblin (D:1)
  A hobgoblin (D:1)
  A quokka (D:1)
  A ball python (D:1)
  2 bats (D:1)
  A kobold (D:1)
  2 rats (D:1)
10 creatures vanquished.

Notes
Turn   | Place    | Note
-------+----------+-------------------------------------------
     0 | D:1      | British0li the Demonspawn Gladiator began the quest for the
                  | Orb.
     0 | D:1      | Reached XP level 1. HP: 16/16 MP: 1/1
   206 | D:1      | Gained mutation: Your movements are slightly less
                  | encumbered by armour. (ER -2) [demonic ancestry]
   206 | D:1      | Reached XP level 2. HP: 22/22 MP: 2/2
   294 | D:$      | Got out of the dungeon alive.

Illustrated notes

Levels and vault maps discovered:
D:1:      dpeg_arrival_more_subterranean_lakeside_camping, layout_basic

Skill      XL: |  1  2 |
---------------+-------+-----
Throwing       | 2 |  2.0
Fighting       | |  2.2
Long Blades    | |  2.8
Dodging        | |  2.8

Action                   || total
-------------------------++-------
Melee: Long sword        ||    19
       Punch             ||     1
Armor: Leather armour    ||     8
Dodge: Dodged            ||    16

Table legend: (Time is in decaauts)
 A = Elapsed time spent in this place.
 B = Non-inter-level travel time spent in this place.
 C = Inter-level travel time spent in this place.
 D = Time resting spent in this place.
 E = Time spent auto-exploring this place.
 F = Levels seen in this place.
 G = Mean time per level.
                   A        B        C        D        E       F      G
               +--------+--------+--------+--------+--------+-----+--------+
         Total |    301 |    216 |     85 |      0 |    161 |   1 |  301.0 |
       Dungeon |    301 |    216 |     85 |      0 |    161 |   1 |  301.0 |
               +--------+--------+--------+--------+--------+-----+--------+

Top non-repeatable levels by time:
     D:1: 301 daAuts
